 Dungeon Crawl Stone Soup version 0.20-a0-1074-g6a0a8e1 (webtiles) character file.

100 kuniqs the Skirmisher (level 4, -4/35 HPs)
             Began as a Mummy Fighter on Apr 29, 2017.
             Slain by Grinder (6 damage)
             ... while paralysed by Grinder
             ... on level 3 of the Dungeon.
             The game lasted 00:02:51 (1466 turns).

kuniqs the Skirmisher (Mummy Fighter)               Turns: 1466, Time: 00:02:52

Health: -4/35      AC:  7    Str: 19    XL:     4   Next: 47%
Magic:  4/4        EV:  2    Int:  7    God:
Gold:   83         SH:  0    Dex: 12    Spells: 3/3 levels left

rFire    x . .     SeeInvis .   a - +0 war axe
rCold    + . .     Gourm    .   c - +0 shield
rNeg     + + +     Faith    .   b - +0 scale mail
rPois    ∞         Spirit   .   i - +0 helmet
rElec    .         Reflect  .   (no cloak)
rCorr    .         Harm     .   (no gloves)
MR       .....                  (no boots)
Stlth    ..........             (no amulet)
Regen    0.2/turn               (no ring)
MPRegen  0.1/turn               (no ring)

@: paralysed
A: no food or potions, fire vulnerability, cold resistance 1, negative energy
resistance 3, torment resistance, unbreathing
a: no special abilities


You were on level 3 of the Dungeon.
You were not hungry.

You visited 1 branch of the dungeon, and saw 3 of its levels.

You collected 83 gold pieces.

Inventory:

Hand Weapons
 a - a +0 war axe (weapon)
 e - a +2 dagger of venom
Armour
 b - a +0 scale mail (worn)
 c - a +0 shield (worn)
 i - a +0 helmet (worn)
Jewellery
 m - an uncursed amulet of inaccuracy
Scrolls
 f - a scroll of fog
 g - a scroll of remove curse {@r2}
 h - a scroll of recharging
 j - a scroll of enchant armour {unknown}
 k - 2 scrolls of magic mapping {unknown}
 l - a scroll of random uselessness {unknown}


   Skills:
 + Level 3.4 Fighting
 + Level 2.3 Axes
 + Level 2.7 Armour
 + Level 1.4 Dodging
 + Level 3.0 Shields


You had 3 spell levels left.
You didn't know any spells.

Dungeon Overview and Level Annotations

Branches:
Dungeon (3/15)

Altars:
Ashenzari
Hepliaklqana
Zin

Annotations:
D:3 Grinder


Innate Abilities, Weirdness & Mutations

You do not eat or drink.
Your flesh is vulnerable to fire.
You are immune to poison.
Your flesh is cold resistant. (rC+)
You are immune to negative energy. (rN+++)
You are immune to unholy pain and torment.
You can survive without breathing.


Message History

You completely miss Grinder. You miss the goblin. Grinder hits you!
You block the goblin's attack. Grinder hits you.
You hit Grinder. You closely miss the goblin. You block the goblin's attack.
Grinder blinks!
The goblin hits you.
* * * LOW HITPOINT WARNING * * *
Things that are here:
a hand axe; a chain mail; a viscous golden potion Grinder blinks!
Grinder gestures at you.
You suddenly lose the ability to move!
Grinder hits you but does no damage. The goblin hits you but does no damage.
The goblin hits you.
* * * LOW HITPOINT WARNING * * *
Grinder hits you.
* * * LOW HITPOINT WARNING * * *
Grinder blinks!
The goblin hits you but does no damage.
Grinder says, "Mostly I couldn't keep them alive."
The goblin hits you but does no damage. Grinder hits you.
You die...

#.##...# #.#8..(8
#.##...# #######.##...#
#....5..##...##
#.#####.#8...8# ##
#.### ####...#### ####.
#.#8###8##...##8###8#..
#.)..g@................
#.....5....⌠...........
#.....................#
###8###8##...##8###8###
### ####...#### ### #
#8...8# # ##...## #
#...#


You could see Grinder and a goblin.

Vanquished Creatures
  Terence (D:3)
  2 adders
  2 worms (D:2)
  2 dart slugs (D:1)
  3 leopard geckos (D:1)
  2 orcs (D:3)
  5 bats
  8 goblins
  2 hobgoblins (D:1)
  2 quokkas
  4 frilled lizards
  3 kobolds
  7 rats
43 creatures vanquished.

Notes
Turn   | Place    | Note
-------+----------+-------------------------------------------
     0 | D:1      | kuniqs the Mummy Fighter began the quest for the Orb.
     0 | D:1      | Reached XP level 1. HP: 18/18 MP: 1/1
   205 | D:1      | Reached XP level 2. HP: 18/24 MP: 2/2
   583 | D:2      | Found a glowing silver altar of Zin.
   624 | D:2      | Reached skill level 1 in Dodging
   624 | D:2      | Reached XP level 3. HP: 29/29 MP: 3/3
   848 | D:2      | Found a shattered altar of Ashenzari.
  1158 | D:3      | Found a hazy altar of Hepliaklqana.
  1263 | D:3      | Reached XP level 4. HP: 35/35 MP: 4/4
  1401 | D:3      | Noticed Terence
  1406 | D:3      | Noticed Grinder
  1423 | D:3      | Killed Terence
  1461 | D:3      | Paralysed by Grinder for 6 turns
  1466 | D:3      | Slain by Grinder

Vault maps used:
D:1:      evilmike_arrival_plus, minivault_27
D:2:      zin_academy, lemuel_doored_altar
D:3:      marbit_many_paths, lemuel_crystal_altar, serial_corexii_hall,
          corexii_hall_statues_x, corexii_hall_statues_x, patterned_corridor,
          uniq_grinder, uniq_terence, uniq_jessica

Skill      XL: |  1  2  3 |
---------------+----------+-----
Axes           | 2 |  2.3
Dodging        | 1 |  1.4
Shields        | 3 |  3.0
Fighting       | |  3.4
Armour         | |  2.7

Action                   |  1- 3 |  4- 6 || total
-------------------------+-------+-------++-------
Melee: War axe           |    36 |    10 ||    46
       Dagger            |    82 |    12 ||    94
  Use: Scroll            |       |     3 ||     3
Armor: Scale mail        |    40 |    12 ||    52
Dodge: Dodged            |    28 |     4 ||    32
Block: Shield            |    62 |     5 ||    67
